[Event "Titled Tuesday Blitz January 17 Early 2023"]
[White "Ginzburg, Yakov"]
[Black "Nordquelle, Daniel"]
[WhiteFideId "4157176"]
[BlackFideId "1519042"]
[WhiteElo "2405"]
[BlackElo "2151"]
[Result "1-0"]
[Round "01"]
[TimeControl "180+2"]
[Date "2023.01.17"]
[WhiteClock "0:00:05"]
[BlackClock "0:00:03"]

1. e4 c5 2. Nf3 d6 3. c3 Nf6 4. Be2 b6 5. O-O Bb7 6. e5 dxe5 7. Nxe5 Nbd7 8. d4 e6 9. Bf3 Qc8 10. Bg5 Bd6 11. Nc4 Bb8 12. Bxb7 Qxb7 13. dxc5 Nxc5 14. Bxf6 gxf6 15. Nbd2 Rg8 16. Qf3 Qxf3 17. Nxf3 Ke7 18. Rad1 Bc7 19. Nd4 a6 20. Nc6+ Ke8 21. Rfe1 Rc8 22. Na7 Ra8 23. Nc6 Rc8 24. b4 Na4 25. Rd3 b5 26. Nd6+ Bxd6 27. Rxd6 Nxc3 28. Re3 Na4 29. Red3 Kf8 30. h4 Rg4 31. h5 Rc4 32. Rd8+ Rxd8 33. Rxd8+ Kg7 34. Ne7 Rxb4 35. Rg8+ Kh6 36. g4 Nc5 37. Nc6 Rf4 38. Kg2 Ne4 39. f3 Nd2 40. Kg3 Rxf3+ 41. Kh4 Rf4 42. Ne7 f5 43. Kg3 Rxg4+ 44. Rxg4 fxg4 45. Kxg4 Kg7 46. Kg5 Nc4 47. h6+ Kf8 48. Kf6 b4 49. Nc6 Nd6 50. Nxb4 a5 51. Nc6 a4 52. Nd4 Ne8+ 53. Ke5 Ke7 54. Nc6+ Kd7 55. Nd4 f6+ 56. Ke4 Kd6 57. Nf3 Nc7 58. Kf4 Kd5 59. Ke3 Nb5 60. Nh2 f5 61. Nf3 1-0


[Site "https://www.chess.com"]

[Event "Titled Tuesday Blitz January 17 Early 2023"]
[White "Smietanska, Wiktoria"]
[Black "Pham, Khoi"]
[WhiteFideId "21869359"]
[BlackFideId "1054988"]
[WhiteElo "1936"]
[BlackElo "2355"]
[Result "0-1"]
[Round "01"]
[TimeControl "180+2"]
[Date "2023.01.17"]
[WhiteClock "0:00:01"]
[BlackClock "0:00:05"]

1. c4 g6 2. Nc3 Bg7 3. g3 e5 4. Bg2 d6 5. e4 Nc6 6. Nge2 f5 7. d3 Nf6 8. O-O O-O 9. f4 fxe4 10. dxe4 exf4 11. Nxf4 Kh8 12. Ncd5 Ne5 13. Qc2 a5 14. h3 a4 15. Be3 b6 16. g4 Nxd5 17. cxd5 Qe7 18. Rac1 Ra7 19. Rf2 Bh6 20. Qd2 Bg7 21. Bd4 Qh4 22. Rcf1 Ba6 23. Ne2 Rxf2 24. Rxf2 Ra8 25. Nc3 Nd3 26. Bxg7+ Kxg7 27. Rf3 Ne5 28. Rf2 Qg3 29. Ne2 Qd3 30. Qxd3 Bxd3 31. Nf4 Bb1 32. Ne6+ Kg8 33. a3 Rc8 34. Rf1 Bd3 35. Rc1 Bc4 36. Bf1 b5 37. Bxc4 Nxc4 38. Rc2 Kf7 39. Kf2 Kf6 40. Ke2 Ke5 41. Kd3 c5 42. Rf2 Na5 43. g5 c4+ 44. Kc3 Kxe4 0-1


[Site "https://www.chess.com"]

[Event "Titled Tuesday Blitz January 17 Early 2023"]
[White "Guzman, Christopher"]
[Black "Jenkins, Drake"]
[WhiteFideId "6405096"]
[BlackFideId "2022397"]
[WhiteElo "2271"]
[BlackElo "2130"]
[Result "1-0"]
[Round "01"]
[TimeControl "180+2"]
[Date "2023.01.17"]
[WhiteClock "0:01:30"]
[BlackClock "0:00:07"]

1. e4 c5 2. Nf3 g6 3. d4 cxd4 4. Nxd4 Nf6 5. Nc3 h5 6. Be2 Bg7 7. Be3 Nc6 8. Qd2 d5 9. exd5 Nxd5 10. Nxd5 Qxd5 11. Bf3 Qc4 12. b3 Qa6 13. Nxc6 bxc6 14. Bd4 e5 15. Bc5 e4 16. Qd6 Bc3+ 17. Kd1 Qb7 18. Bd4 Be6 19. Bxe4 Rd8 20. Bxc6+ Qxc6 21. Qxc6+ 1-0


[Site "https://www.chess.com"]

[Event "Titled Tuesday Blitz January 17 Early 2023"]
[White "Pappelis, Dimitrios"]
[Black "Divya Deshmukh"]
[WhiteFideId "4215281"]
[BlackFideId "35006916"]
[WhiteElo "2159"]
[BlackElo "2372"]
[Result "0-1"]
[Round "01"]
[TimeControl "180+2"]
[Date "2023.01.17"]
[WhiteClock "0:00:05"]
[BlackClock "0:00:48"]

1. d4 Nf6 2. Nf3 d5 3. c4 e6 4. Nc3 Bb4 5. cxd5 exd5 6. Bg5 h6 7. Bxf6 Qxf6 8. e3 O-O 9. Bd3 Bg4 10. Rc1 c5 11. dxc5 Nd7 12. a3 Bxc5 13. b4 Bd6 14. Nxd5 Qe6 15. Bc4 Bxf3 16. gxf3 Qh3 17. Ke2 Ne5 18. Rg1 Qxf3+ 19. Ke1 Qxd1+ 20. Kxd1 Rfd8 21. Ke2 Nxc4 22. Rxc4 Bxh2 23. Nf6+ Kh8 24. Rg2 Be5 25. Ng4 Bb2 26. a4 f5 27. Nh2 Rac8 28. Rxc8 Rxc8 29. Kd3 Rc3+ 30. Kd2 Rc4 31. Nf3 Rxb4 32. Kc2 Bf6 33. a5 Rb5 34. a6 bxa6 35. Rg1 a5 36. Nd4 Bxd4 37. exd4 g5 38. Re1 Kg7 39. Re6 Rb7 40. Ra6 Rd7 41. Kd3 h5 42. Rxa5 Rf7 43. d5 h4 44. Kd4 h3 45. Ke5 g4 46. d6 f4 47. Ke6 h2 48. Ra1 g3 49. fxg3 fxg3 50. d7 Rxd7 51. Kxd7 g2 52. Rxa7 g1=Q 53. Rc7 h1=Q 54. Kc8+ Kf8 55. Rf7+ Kxf7 0-1


[Site "https://www.chess.com"]

[Event "Titled Tuesday Blitz January 17 Early 2023"]
[White "Andreev, Eduard"]
[Black "Broca Jimenez, Fernando"]
[WhiteFideId "14103400"]
[BlackFideId "5104742"]
[WhiteElo "2413"]
[BlackElo "2075"]
[Result "1-0"]
[Round "01"]
[TimeControl "180+2"]
[Date "2023.01.17"]
[WhiteClock "0:01:45"]
[BlackClock "0:00:02"]

1. e4 c5 2. Nf3 d6 3. d4 cxd4 4. Nxd4 Nf6 5. Nc3 g6 6. Be3 Bg7 7. f3 O-O 8. Qd2 Nc6 9. O-O-O d5 10. Qe1 Nxd4 11. Bxd4 e6 12. Kb1 Bd7 13. exd5 exd5 14. Qf2 Bc6 15. g4 Qa5 16. h4 Rfe8 17. h5 Re6 18. Bd3 Rae8 19. hxg6 fxg6 20. Qh4 R8e7 21. f4 Kf8 22. f5 gxf5 23. Bxf5 Re2 24. Nxe2 Rxe2 25. Bxf6 Qb6 1-0


[Site "https://www.chess.com"]

[Event "Titled Tuesday Blitz January 17 Early 2023"]
[White "Thiel, Thomas"]
[Black "Ince, Taylan Ruzgar"]
[WhiteFideId "4615964"]
[BlackFideId "44513089"]
[WhiteElo "2234"]
[BlackElo "2264"]
[Result "0-1"]
[Round "01"]
[TimeControl "180+2"]
[Date "2023.01.17"]
[WhiteClock "0:02:25"]
[BlackClock "0:02:24"]

1. e4 c6 2. d4 d5 3. exd5 cxd5 4. c4 Nf6 5. Nc3 Nc6 6. Bg5 Be6 7. c5 Ne4 8. Be3 g6 9. Nxe4 dxe4 10. Bb5 Qa5+ 0-1


[Site "https://www.chess.com"]

[Event "Titled Tuesday Blitz January 17 Early 2023"]
[White "Pak, Yevgeniy"]
[Black "parintele_chess"]
[WhiteFideId "14201712"]
[WhiteElo "2384"]
[BlackElo "2259"]
[Result "1/2-1/2"]
[Round "01"]
[TimeControl "180+2"]
[Date "2023.01.17"]
[WhiteClock "0:00:07"]
[BlackClock "0:00:17"]

1. d4 d5 2. Nf3 Nf6 3. Bf4 g6 4. e3 Bg7 5. Be2 O-O 6. h3 c5 7. O-O Nc6 8. c3 Nd7 9. Nbd2 e5 10. dxe5 Ndxe5 11. Nxe5 Nxe5 12. Nf3 Nxf3+ 13. Bxf3 Be6 14. Qc2 Bf5 15. Qb3 Bd3 16. Rfd1 c4 17. Qxb7 Rb8 18. Bxb8 Qxb8 19. Qxb8 Rxb8 20. Rd2 Rb5 21. Rad1 h5 22. Be2 Be4 23. b3 Bxc3 24. bxc4 dxc4 25. Rd8+ Kg7 26. Bxc4 Rf5 27. f3 Bc6 28. Rc8 Ba4 29. Rd3 Be5 30. Ra8 Bg3 31. Rxa7 Be8 32. Kf1 Rc5 33. Rd8 Rxc4 34. Rxe8 Rc2 35. Ree7 Rf2+ 36. Kg1 Re2 37. Rxf7+ Kg8 38. Rg7+ Kh8 39. Rh7+ Kg8 40. Rhg7+ Kf8 41. Rgf7+ Kg8 42. Rg7+ 1/2-1/2


[Site "https://www.chess.com"]

[Event "Titled Tuesday Blitz January 17 Early 2023"]
[White "Kuchava, Ana"]
[Black "Martynov, Pavel"]
[WhiteFideId "13605348"]
[BlackFideId "4101260"]
[WhiteElo "2101"]
[BlackElo "2414"]
[Result "0-1"]
[Round "01"]
[TimeControl "180+2"]
[Date "2023.01.17"]
[WhiteClock "0:00:10"]
[BlackClock "0:00:05"]

1. d4 d5 2. Nf3 e6 3. c4 c5 4. cxd5 exd5 5. Nc3 Nc6 6. Bf4 Nf6 7. e3 a6 8. a4 c4 9. Be2 Bb4 10. O-O O-O 11. Ne5 Na5 12. Bf3 Nb3 13. Ra2 h6 14. Nd3 Bxc3 15. bxc3 Qa5 16. Qc2 Bf5 17. e4 dxe4 18. Ne5 Bh7 19. Nxc4 Qd5 20. Qxb3 exf3 21. Nd2 fxg2 22. Re1 Qf5 23. Qxb7 Qxf4 24. Qxg2 Rfe8 25. Rxe8+ Rxe8 26. Nf1 Be4 27. Qg3 Qf5 28. Rb2 Bd5 29. Ne3 Qe4 30. Nxd5 Qxd5 31. Rb1 g5 32. Qd3 Ne4 33. c4 Qf5 34. Re1 Qxf2+ 35. Kh1 Qxe1+ 36. Kg2 Qf2+ 37. Kh3 h5 38. Qb3 g4# 0-1


[Site "https://www.chess.com"]

[Event "Titled Tuesday Blitz January 17 Early 2023"]
[White "Perrine, Dalton"]
[Black "Clawitter, Craig"]
[WhiteFideId "2048434"]
[BlackFideId "2023105"]
[WhiteElo "2228"]
[BlackElo "2050"]
[Result "1-0"]
[Round "01"]
[TimeControl "180+2"]
[Date "2023.01.17"]
[WhiteClock "0:00:23"]
[BlackClock "0:00:36"]

1. Nf3 Nf6 2. g3 d5 3. Bg2 e6 4. O-O Be7 5. d4 O-O 6. c4 dxc4 7. Qc2 a6 8. a4 Bd7 9. Rd1 Bc6 10. Nc3 Nbd7 11. e4 b5 12. d5 exd5 13. e5 Ne8 14. Nd4 Bb7 15. Nxd5 Nc5 16. Nf5 Bg5 17. Nf6+ Bxf6 18. Rxd8 Bxd8 19. Bxb7 Nxb7 20. axb5 g6 21. Nh6+ Kg7 22. bxa6 Nc5 23. Qxc4 Be7 24. Be3 Ne6 25. Qc6 1-0


[Site "https://www.chess.com"]

[Event "Titled Tuesday Blitz January 17 Early 2023"]
[White "Cepo, Toni"]
[Black "Mohamed Anees M"]
[WhiteFideId "4675916"]
[BlackFideId "35065815"]
[WhiteElo "2145"]
[BlackElo "2315"]
[Result "0-1"]
[Round "01"]
[TimeControl "180+2"]
[Date "2023.01.17"]
[WhiteClock "0:00:33"]
[BlackClock "0:01:33"]

1. e4 c6 2. d4 d5 3. Nc3 dxe4 4. Nxe4 Bf5 5. Qf3 e6 6. Ne2 Nd7 7. N2g3 Bg6 8. h4 h6 9. Bd3 Be7 10. Bf4 Nb6 11. c3 Nd5 12. h5 Bxe4 13. Bxe4 Nxf4 14. Qxf4 Qb6 15. Qd2 Nf6 16. Bc2 O-O-O 17. O-O-O c5 18. dxc5 Bxc5 19. Qe2 Bxf2 20. Ne4 Qe3+ 21. Qxe3 Bxe3+ 22. Kb1 Nd5 23. c4 Nf4 24. g3 Rxd1+ 25. Rxd1 Nxh5 26. Nd6+ Kc7 27. Nxf7 Rf8 28. Ne5 Rd8 29. Rf1 Nf6 30. Re1 Bf2 31. Re2 Bxg3 32. Nf7 Rf8 0-1


[Site "https://www.chess.com"]

[Event "Titled Tuesday Blitz January 17 Early 2023"]
[White "Lymar, Vladislav"]
[Black "Warchol, Kamil"]
[WhiteFideId "14162180"]
[BlackFideId "21858241"]
[WhiteElo "2119"]
[BlackElo "2173"]
[Result "1-0"]
[Round "01"]
[TimeControl "180+2"]
[Date "2023.01.17"]
[WhiteClock "0:01:11"]
[BlackClock "0:00:25"]

1. e4 c5 2. Nf3 d6 3. g3 Nf6 4. Nc3 Nc6 5. Bg2 e6 6. d3 Be7 7. O-O O-O 8. a4 a6 9. Nd2 Rb8 10. f4 Qc7 11. g4 b5 12. axb5 axb5 13. g5 Nd7 14. Nf3 b4 15. Ne2 d5 16. Ng3 Nb6 17. f5 exf5 18. exf5 f6 19. gxf6 Rxf6 20. Nh5 Rxf5 21. Nd2 Nd4 22. Rxf5 Bxf5 23. Nf3 Nxf3+ 24. Bxf3 Bd6 25. Qf1 Bxh2+ 26. Kh1 Rf8 27. Qg2 Bg6 28. Bxd5+ Nxd5 29. Qxd5+ Kh8 30. Be3 h6 31. Bxc5 Rf5 32. Ra8+ Kh7 33. Qg8# 1-0


[Site "https://www.chess.com"]

[Event "Titled Tuesday Blitz January 17 Early 2023"]
[White "Lauridsen, Jesper Morch"]
[Black "Le Ruyet, Leopold"]
[WhiteFideId "1401890"]
[BlackFideId "645923"]
[WhiteElo "2309"]
[BlackElo "2245"]
[Result "1-0"]
[Round "01"]
[TimeControl "180+2"]
[Date "2023.01.17"]
[WhiteClock "0:00:07"]
[BlackClock "0:00:01"]

1. d4 Nf6 2. Nf3 g6 3. Bf4 Bg7 4. h3 O-O 5. e3 c5 6. c3 cxd4 7. exd4 d6 8. Be2 Nc6 9. O-O Nh5 10. Bh2 e5 11. dxe5 dxe5 12. Qxd8 Rxd8 13. Rd1 Rxd1+ 14. Bxd1 Nf4 15. Bxf4 exf4 16. Na3 Bf5 17. Bb3 Rd8 18. Ng5 Ne5 19. Nc4 Nxc4 20. Bxc4 Rd2 21. Bxf7+ Kf8 22. Be6 Rxb2 23. Bxf5 gxf5 24. Ne6+ Kf7 25. Nxg7 Kxg7 26. Rd1 Kf6 27. Rd7 h5 28. h4 Ke6 29. Rh7 Ke5 30. a4 a5 31. Rxh5 Ra2 32. Rh7 Rxa4 33. Rxb7 Rc4 34. Rb5+ Kf6 35. Rxa5 Rxc3 36. Ra6+ Kg7 37. Kh2 Rc2 38. f3 Rc1 39. h5 Rc4 40. h6+ Kh7 41. Rf6 Ra4 42. Kh3 Rc4 43. Rxf5 Kxh6 44. Kg4 Rc2 45. Rh5+ Kg6 46. Rg5+ Kh6 47. Rh5+ Kg6 48. Rh2 Rc4 49. Rh1 Rc2 50. Rg1 Rc4 51. Rd1 Rc2 52. Rg1 Rc4 53. Re1 Rc2 54. Kxf4 Rxg2 55. Re6+ Kf7 56. Rb6 Ra2 57. Kg5 Ra5+ 58. Kg4 Kf8 59. f4 Rc5 60. f5 Rc1 61. Kg5 Kf7 62. Rb7+ Kf8 63. Kg6 Rc8 64. Rh7 Kg8 65. f6 Rd8 66. f7+ 1-0


[Site "https://www.chess.com"]

[Event "Titled Tuesday Blitz January 17 Early 2023"]
[White "Ilkhomi, Jaloliddin"]
[Black "Fajdetic, Hrvoje"]
[WhiteFideId "14700948"]
[BlackFideId "14501945"]
[WhiteElo "1997"]
[BlackElo "2151"]
[Result "1-0"]
[Round "01"]
[TimeControl "180+2"]
[Date "2023.01.17"]
[WhiteClock "0:00:10"]
[BlackClock "0:00:13"]

1. Nf3 f5 2. d4 Nf6 3. Bf4 e6 4. e3 b6 5. Nbd2 Bb7 6. Be2 Be7 7. O-O O-O 8. h3 d6 9. c4 Qe8 10. Bh2 Nbd7 11. b4 a5 12. a3 Ne4 13. Nxe4 Bxe4 14. Nd2 Nf6 15. Nxe4 Nxe4 16. Qc2 Bf6 17. Bf3 Qg6 18. c5 axb4 19. axb4 Rxa1 20. Rxa1 bxc5 21. bxc5 Nxc5 22. Ra7 Ne4 23. Qxc7 Nd2 24. Bd1 f4 25. Bxf4 Qb1 26. Qc2 Qxc2 27. Bxc2 Bxd4 28. Rd7 e5 29. Rxd6 exf4 30. Rxd4 fxe3 31. fxe3 Rf1+ 32. Kh2 Rf2 33. Kg3 Re2 34. Bd1 Nf1+ 35. Kf3 Rxe3+ 36. Kf2 Re7 37. Kxf1 g6 38. Bb3+ Kg7 39. Kf2 Rb7 40. Rd3 Ra7 41. Bd5 Re7 42. Bf3 Rc7 43. Bg4 Rc2+ 44. Kg3 h5 45. Bf3 Kh6 46. h4 Rc7 47. Rd6 Rg7 48. Be4 Rg8 49. Kf4 Rf8+ 50. Ke3 Rg8 51. Kf3 Rg7 52. g4 hxg4+ 53. Kxg4 Rg8 54. h5 Re8 55. Rxg6+ Kh7 56. Re6+ 1-0


[Site "https://www.chess.com"]

[Event "Titled Tuesday Blitz January 17 Early 2023"]
[White "Nikulina, Alena"]
[Black "Taboas Rodriguez, Daniel"]
[WhiteFideId "4172051"]
[BlackFideId "2208466"]
[WhiteElo "1857"]
[BlackElo "2371"]
[Result "0-1"]
[Round "01"]
[TimeControl "180+2"]
[Date "2023.01.17"]
[WhiteClock "0:00:28"]
[BlackClock "0:00:54"]

1. e4 e5 2. Nf3 Nc6 3. Bb5 Nf6 4. O-O Nxe4 5. Re1 Nd6 6. a4 Be7 7. Nxe5 Nxb5 8. axb5 Nxe5 9. Rxe5 O-O 10. d4 Bf6 11. Re3 d5 12. Nc3 Be6 13. Qf3 Re8 14. Bd2 Bxd4 15. Rd3 Bxc3 16. Bxc3 Qg5 17. g3 c5 18. Bd2 Qg6 19. b3 a6 20. bxa6 Rxa6 21. Rxa6 bxa6 22. Bf4 h6 23. h4 d4 24. Qc6 Rc8 25. Qxa6 Bf5 26. Rd2 Qxa6 0-1


[Site "https://www.chess.com"]

[Event "Titled Tuesday Blitz January 17 Early 2023"]
[White "Dilanyan, Grigor"]
[Black "Soumya, Swaminathan"]
[WhiteFideId "13303570"]
[BlackFideId "5016193"]
[WhiteElo "2174"]
[BlackElo "2293"]
[Result "1-0"]
[Round "01"]
[TimeControl "180+2"]
[Date "2023.01.17"]
[WhiteClock "0:00:17"]
[BlackClock "0:00:01"]

1. e4 g6 2. Nf3 Bg7 3. h4 h6 4. d4 d6 5. h5 g5 6. Bc4 Nc6 7. c3 e5 8. Qb3 Qe7 9. d5 Nb8 10. Na3 Nd7 11. Be3 a6 12. Nd2 Ngf6 13. f3 Nc5 14. Bxc5 dxc5 15. g4 O-O 16. Nf1 b5 17. Be2 c4 18. Qd1 c6 19. dxc6 Be6 20. Nc2 Rfd8 21. Qc1 Qc5 22. Nce3 Qxc6 23. Ng3 Bf8 24. Ngf5 Kh7 25. Rg1 Bc5 26. Rg2 Rd7 27. Rb1 Rad8 28. b4 Bb6 29. Rb2 a5 30. a3 axb4 31. axb4 Ra7 32. Kf2 Rda8 33. Kg3 Ra1 34. Rb1 R1a2 35. Bf1 Nxe4+ 36. fxe4 Qxe4 37. Rxa2 Qf4+ 38. Kh3 Rxa2 39. Bg2 Rf2 40. Qe1 Bxf5 41. Nxf5 1-0


[Site "https://www.chess.com"]

[Event "Titled Tuesday Blitz January 17 Early 2023"]
[White "Jimenez Fernandez, Rebeca"]
[Black "Omelja, Artem"]
[WhiteFideId "32070934"]
[BlackFideId "14119846"]
[WhiteElo "2069"]
[BlackElo "2446"]
[Result "0-1"]
[Round "01"]
[TimeControl "180+2"]
[Date "2023.01.17"]
[WhiteClock "0:00:02"]
[BlackClock "0:01:11"]

1. e4 c5 2. Nc3 a6 3. g3 b5 4. Bg2 Bb7 5. d3 e6 6. Be3 Nc6 7. Nge2 d6 8. O-O Nf6 9. h3 Be7 10. f4 O-O 11. g4 Rc8 12. Ng3 Re8 13. f5 Ne5 14. g5 Nfd7 15. f6 Bf8 16. fxg7 Bxg7 17. Nh5 Ng6 18. Nxg7 Kxg7 19. d4 cxd4 20. Bxd4+ Nde5 21. Qf3 Rc7 22. Qf2 Qxg5 23. Kh1 b4 24. Ne2 Rxc2 25. Qxf7+ Kh6 26. Qf2 Rf8 27. Be3 Rxf2 28. Bxg5+ Kxg5 29. Rxf2 Nd3 30. Rf3 Rxe2 31. Rxd3 Rxg2 32. Kxg2 Bxe4+ 33. Kg3 Bxd3 34. Rd1 Ne5 35. a3 bxa3 36. bxa3 d5 37. h4+ Kf5 38. h5 Be4 39. h6 Kg6 40. Rc1 Nc4 41. Rf1 Bf5 42. Re1 Nxa3 43. Ra1 Nc4 44. Rxa6 Kxh6 45. Kf4 Kg6 46. Ra7 h5 47. Ra1 e5+ 48. Kf3 Kg5 49. Rg1+ Bg4+ 50. Kf2 e4 51. Rg3 e3+ 52. Ke1 d4 53. Rg1 d3 54. Rg3 d2+ 55. Kf1 e2+ 56. Kg2 e1=Q 57. Rxg4+ hxg4 58. Kh2 Qf2+ 59. Kh1 d1=Q# 0-1


[Site "https://www.chess.com"]

[Event "Titled Tuesday Blitz January 17 Early 2023"]
[White "Golubev, Mikhail"]
[Black "Ruge, Edison"]
[WhiteFideId "14100983"]
[BlackFideId "4401000"]
[WhiteElo "2461"]
[BlackElo "2201"]
[Result "1-0"]
[Round "01"]
[TimeControl "180+2"]
[Date "2023.01.17"]
[WhiteClock "0:00:06"]
[BlackClock "0:00:06"]

1. e4 e5 2. Nf3 Nc6 3. Bc4 Be7 4. d4 d6 5. dxe5 dxe5 6. Qxd8+ Bxd8 7. Bd5 Nge7 8. Nc3 O-O 9. O-O Nxd5 10. Nxd5 Bg4 11. Be3 Bxf3 12. gxf3 Re8 13. Rfe1 Ne7 14. c4 Ng6 15. Kf1 c6 16. Nb4 Ba5 17. a3 a6 18. Red1 Rad8 19. Nd3 Bc7 20. Nc5 Rb8 21. Rd7 Rec8 22. Rad1 Nf8 23. R7d3 Bd8 24. b4 Be7 25. Nd7 Nxd7 26. Rxd7 Bf8 27. Ba7 Ra8 28. Rxb7 Rd8 29. Rxd8 Rxd8 30. Ke2 g6 31. Bb6 Rc8 32. Rc7 Rxc7 33. Bxc7 f6 34. Kd3 Kf7 35. c5 Ke6 36. Kc4 Kd7 37. Bb6 Kc8 38. a4 Kb7 39. b5 axb5+ 40. axb5 Be7 41. Ba5 h5 42. Bd2 g5 43. h3 h4 44. Be3 Bd8 45. Bd2 Be7 46. Bb4 Bd8 47. b6 Ka6 48. Ba3 Be7 49. Kd3 Bd8 50. f4 exf4 51. Kd4 Kb5 52. e5 f5 53. b7 Bc7 54. e6 Ka6 55. e7 Kxb7 56. e8=Q Ka6 57. Qd7 Kb7 58. Bb4 Kb8 59. f3 g4 60. Qe8+ Kb7 61. Qf7 gxf3 62. Ba5 Ka6 63. Qxc7 Kb5 64. Qb6+ Ka4 65. Qb4# 1-0


[Site "https://www.chess.com"]

[Event "Titled Tuesday Blitz January 17 Early 2023"]
[White "Rose, Felix"]
[Black "Fecker, Noah"]
[WhiteFideId "5105722"]
[BlackFideId "1334263"]
[WhiteElo "2091"]
[BlackElo "2388"]
[Result "0-1"]
[Round "01"]
[TimeControl "180+2"]
[Date "2023.01.17"]
[WhiteClock "0:00:03"]
[BlackClock "0:01:00"]

1. e4 c5 2. Nf3 d6 3. d4 cxd4 4. Nxd4 Nf6 5. Nc3 a6 6. h3 g6 7. g4 Bg7 8. Be3 Nbd7 9. Qd2 b5 10. Bg2 Bb7 11. O-O-O Ne5 12. Bh6 Nc4 13. Qg5 Bxh6 14. Qxh6 Qa5 15. Nb3 Qb6 16. Rhe1 O-O-O 17. Nd5 Nxd5 18. exd5 Qxf2 19. Bh1 Kb8 20. Rxe7 Qf6 21. Rxb7+ Kxb7 22. Nd4 Rde8 23. b3 Nb6 24. Qd2 Qe5 25. Kb1 h5 0-1


[Site "https://www.chess.com"]

[Event "Titled Tuesday Blitz January 17 Early 2023"]
[White "Melian, Juan Sebastian"]
[Black "Mitrovic, Darko R"]
[WhiteFideId "3706575"]
[BlackFideId "927023"]
[WhiteElo "2293"]
[BlackElo "2220"]
[Result "0-1"]
[Round "01"]
[TimeControl "180+2"]
[Date "2023.01.17"]
[WhiteClock "0:00:08"]
[BlackClock "0:00:05"]

1. b3 d5 2. Bb2 c5 3. e3 Nf6 4. f4 g6 5. Nf3 Bg7 6. Bb5+ Bd7 7. Bxd7+ Nbxd7 8. O-O O-O 9. Qe2 Rc8 10. c4 e6 11. d3 Qe7 12. Nbd2 Ne8 13. Bxg7 Nxg7 14. e4 dxc4 15. Nxc4 Nb8 16. Rad1 Nc6 17. d4 cxd4 18. Nxd4 Nxd4 19. Rxd4 Qc5 20. Qf2 Rcd8 21. Rxd8 Qxf2+ 22. Kxf2 Rxd8 23. Ke3 Ne8 24. e5 Kf8 25. Rc1 Ke7 26. Na5 Rb8 27. Ke4 h5 28. g3 Kd7 29. h3 Nc7 30. Nc4 Nd5 31. Nd6 f5+ 32. Kf3 b5 33. g4 hxg4+ 34. hxg4 Rh8 35. Kg3 b4 36. g5 a5 37. Nb5 Rc8 38. Rxc8 Kxc8 39. Nd6+ Kd7 40. Nf7 Nc3 41. Nh8 Nxa2 42. Nxg6 a4 43. Nf8+ Ke7 44. Ng6+ Kf7 45. Nh4 axb3 46. Nf3 b2 47. Nd2 Nc3 48. Kh4 b1=Q 49. Nxb1 Nxb1 50. Kh5 Nc3 51. Kh6 Kg8 52. Kg6 b3 53. Kf6 b2 54. Kxe6 b1=Q 55. Kf6 Qe4 56. g6 Qxf4 57. e6 Ne4+ 58. Ke7 Qd6+ 59. Ke8 Qxe6+ 60. Kd8 Qxg6 0-1


[Site "https://www.chess.com"]

[Event "Titled Tuesday Blitz January 17 Early 2023"]
[White "Levine, David"]
[Black "Skatchkov, Valery"]
[WhiteFideId "2011611"]
[BlackFideId "24195812"]
[WhiteElo "2040"]
[BlackElo "2167"]
[Result "0-1"]
[Round "01"]
[TimeControl "180+2"]
[Date "2023.01.17"]
[WhiteClock "0:01:22"]
[BlackClock "0:02:01"]

1. d4 Nf6 2. c4 e6 3. g3 d5 4. Bg2 Bb4+ 5. Bd2 a5 6. Nf3 O-O 7. O-O dxc4 8. Qc2 b5 9. a4 c6 10. Ne5 Ra6 11. axb5 cxb5 12. Bxb4 axb4 13. Rxa6 Nxa6 14. e3 Qc7 15. Nd2 Bb7 16. e4 Rd8 17. f4 Rxd4 18. Ra1 c3 19. Nb3 Rd8 20. Na5 Rd2 21. Qb3 Qb6+ 22. Kh1 Qf2 23. Rg1 Bxe4 0-1


[Site "https://www.chess.com"]

[Event "Titled Tuesday Blitz January 17 Early 2023"]
[White "Taichman, Ori"]
[Black "Thomas, Anysia"]
[WhiteFideId "2804069"]
[BlackFideId "670472"]
[WhiteElo "2299"]
[BlackElo "2147"]
[Result "0-1"]
[Round "01"]
[TimeControl "180+2"]
[Date "2023.01.17"]
[WhiteClock "0:01:14"]
[BlackClock "0:01:05"]

1. e4 c5 2. Nf3 g6 3. d4 cxd4 4. Qxd4 Nf6 5. Nc3 Nc6 6. Qa4 d6 7. e5 dxe5 8. Nxe5 Bd7 9. Nxd7 Nxd7 10. Bb5 Bg7 11. Bxc6 bxc6 12. Qxc6 Rc8 13. Qf3 O-O 14. Bd2 Ne5 15. Qe2 Nc4 16. O-O-O Qb6 17. b3 Nxd2 18. Nd5 Qd4 19. Nxe7+ Kh8 20. Nxc8 Rxc8 21. Qe3 Qb2+ 22. Kxd2 Qxc2+ 23. Ke1 Bc3+ 24. Rd2 Bxd2+ 25. Qxd2 Re8+ 26. Qe3 Rxe3+ 27. fxe3 Qc1+ 0-1


[Site "https://www.chess.com"]

[Event "Titled Tuesday Blitz January 17 Early 2023"]
[White "Tarnowska, Aleksandra"]
[Black "Janaszak, Dawid"]
[WhiteFideId "1180967"]
[BlackFideId "1119206"]
[WhiteElo "1835"]
[BlackElo "2316"]
[Result "0-1"]
[Round "01"]
[TimeControl "180+2"]
[Date "2023.01.17"]
[WhiteClock "0:00:02"]
[BlackClock "0:00:39"]

1. e4 c5 2. Nf3 Nc6 3. Bb5 g6 4. O-O Bg7 5. c3 Nf6 6. e5 Nd5 7. d4 cxd4 8. cxd4 d6 9. Bg5 O-O 10. Bxc6 bxc6 11. Nc3 dxe5 12. dxe5 h6 13. Bh4 Rb8 14. Nxd5 cxd5 15. Qd2 g5 16. Bg3 Bf5 17. Nd4 Bd7 18. Rfe1 e6 19. b3 Qb6 20. Rac1 Rfc8 21. Nf3 Bf8 22. h4 Bb4 23. Qd3 Bxe1 24. Rxe1 Bb5 25. Qd2 Qd8 26. hxg5 h5 27. g6 fxg6 28. Qh6 Be8 29. Ng5 Qd7 30. Bh4 Rb4 31. g3 Rc6 32. Re3 Qg7 33. Qxg7+ Kxg7 34. Rf3 Rd4 35. Kg2 Rd2 36. a4 Rdc2 37. Re3 R2c3 38. Nf3 Rxe3 39. fxe3 Rc2+ 40. Kf1 Rb2 41. Bf6+ Kg8 42. Nd4 Bf7 43. Ke1 Rg2 44. Bh4 g5 45. Bxg5 Rxg3 46. Bh6 h4 47. Kf2 Rg6 48. Bf4 h3 49. Nf3 Rg2+ 50. Kf1 Rb2 51. Nh4 Rxb3 52. Kf2 Ra3 53. Kg3 d4 54. Kxh3 dxe3 55. Kg2 Ra2+ 56. Kf3 e2 57. Bg3 Bh5+ 58. Kf2 Ra1 59. Ng2 Rf1+ 60. Ke3 Rf3+ 61. Ke4 Rxg3 62. Ne1 Rg1 63. a5 Rxe1 64. a6 Ra1 65. Ke3 e1=Q+ 66. Kd4 Ra4+ 0-1


[Site "https://www.chess.com"]

[Event "Titled Tuesday Blitz January 17 Early 2023"]
[White "Florescu, Codrut-Constantin"]
[Black "Torres Dominguez, David"]
[WhiteFideId "1202200"]
[BlackFideId "2220857"]
[WhiteElo "2259"]
[BlackElo "1994"]
[Result "0-1"]
[Round "01"]
[TimeControl "180+2"]
[Date "2023.01.17"]
[WhiteClock "0:00:44"]
[BlackClock "0:00:04"]

1. d4 e5 2. dxe5 d6 3. Nf3 Bg4 4. Bg5 Qd7 5. Nbd2 Nc6 6. exd6 Bxd6 7. c3 f6 8. Be3 Nge7 9. Nc4 Nf5 10. Nxd6+ Nxd6 11. g3 O-O-O 12. Bg2 Bh3 13. O-O h5 14. b4 h4 15. b5 Ne7 16. Qa4 hxg3 17. fxg3 Bxg2 18. Kxg2 Qh3+ 19. Kg1 Nd5 20. Qxa7 Rhe8 21. Bf2 Rxe2 22. Rfe1 Ne3 23. Qxe3 Rxe3 24. Rxe3 Qh5 25. a4 Re8 26. Rxe8+ Nxe8 27. Nd4 Qc5 28. a5 Qxc3 29. Re1 Nd6 30. a6 bxa6 31. bxa6 Qa3 32. Ne6 Qxa6 33. Nxg7 Qc4 34. Ne6 Ne4 35. Nf4 Nd2 36. Rd1 Nf3+ 37. Kg2 Qc6 38. Kh3 Ng5+ 39. Kg4 Qf3+ 40. Kf5 Qxd1 41. Bc5 Nf3 42. Be7 Nd2 43. Kxf6 Qf1 44. h4 Ne4+ 45. Kg7 Nxg3 46. Bg5 Nf5+ 47. Kg8 Nxh4 48. Ng6 Qg2 49. Ne7+ Kd7 50. Kf7 Qxg5 51. Nf5 Qxf5+ 0-1


[Site "https://www.chess.com"]

[Event "Titled Tuesday Blitz January 17 Early 2023"]
[White "ritanovikova"]
[Black "Trent, Lawrence"]
[BlackFideId "408638"]
[WhiteElo "2137"]
[BlackElo "2403"]
[Result "0-1"]
[Round "01"]
[TimeControl "180+2"]
[Date "2023.01.17"]
[WhiteClock "0:02:20"]
[BlackClock "0:02:09"]

1. d4 Nf6 2. Bf4 c5 3. c3 Qb6 4. Qb3 cxd4 5. cxd4 Qxd4 6. e3 Qb6 7. Qc2 Nc6 8. Nc3 d6 9. Bc4 Bg4 10. h3 Bh5 11. Nge2 e6 12. Ng3 Bg6 13. e4 d5 14. exd5 Bxc2 0-1


[Site "https://www.chess.com"]